Map: Lightshade LE

Players

ByuN - Winner!

  • Race: Terran Terran
  • Spawn Location: 11:00

Cyan

  • Race: Protoss Protoss
  • Spawn Location: 5:00

Event: IEM Katowice 2021

VOD

Have the link to the VOD?

Description

Time

  • Played on: Feb. 20, 2021, 1:37 p.m.
  • Length: 16:04

All games in this series

Show
View Real Time Build Order
Export as new Build Order

ByuN Terran - Winner!

Build Orders:  

Get SALT Encoding   

  12  0:00  SCV  
  13  0:12  SCV  
  14  0:17  Supply Depot  
  14  0:24  SCV  
  15  0:38  SCV  
  15  0:39  Barracks  
  16  0:42  Refinery  
  16  0:50  SCV  
  17  1:03  SCV  
  18  1:15  SCV  
  19  1:25  Marine  
  19  1:27  Orbital Command  
  20  1:38  Command Center  
  20  1:44  Barracks Reactor  
  20  1:48  Supply Depot  
  20  1:52  SCV  
  21  2:04  SCV  
  22  2:19  Command Center  
  22  2:21  Marine  
  22  2:22  SCV, Marine  
  25  2:31  Barracks  
  25  2:37  SCV  
  25  2:38  Marine  
  25  2:39  Marine  
  28  2:49  SCV, Orbital Command  
  29  2:56  Marine  
  29  2:57  Marine  
  31  3:01  SCV  
  31  3:04  Engineering Bay  
  32  3:13  SCV  
  32  3:14  Marine  
  32  3:15  SCV, Marine  
  32  3:17  Barracks Tech Lab  
  36  3:27  SCV x2  
  37  3:30  Missile Turret  
  37  3:31  Terran Infantry Weapons Level 1  
  37  3:34  Orbital Command  
  38  3:39  SCV x2  
  40  3:41  Marine x2  
  40  3:44  Marine  
  41  3:53  Bunker  
  41  3:54  SCV x2  
  42  3:59  Marine x2  
  44  4:03  Stimpack  
  44  4:06  Marauder  
  44  4:07  SCV x2  
  47  4:12  Barracks  
  47  4:14  SCV  
  48  4:19  SCV x2  
  48  4:21  Marine x2  
  51  4:26  SCV  
  51  4:27  Supply Depot  
  51  4:28  Marauder  
  51  4:30  Factory  
  54  4:32  SCV x2  
  54  4:37  Refinery  
  56  4:39  Marine x2, Refinery  
  56  4:41  SCV  
  56  4:44  SCV x2  
  61  4:49  Marauder  
  61  4:50  Supply Depot  
  61  4:52  Missile Turret  
  63  4:53  SCV  
  63  4:56  SCV  
  63  4:57  SCV  
  66  5:01  Barracks Tech Lab  
  66  5:05  Refinery  
  67  5:07  Marine x2  
  67  5:12  Supply Depot  
  67  5:13  Supply Depot  
  67  5:14  Starport  
  68  5:15  SCV, Factory Reactor  
  68  5:16  SCV x2  
  71  5:24  Combat Shield  
  71  5:25  Marine x2  
  71  5:27  Marauder  
  71  5:28  Marauder  
  77  5:33  Orbital Command  
  77  5:35  Supply Depot  
  77  5:36  Supply Depot  
  77  5:37  SCV x2  
  79  5:42  Marine  
  79  5:43  Marine  
  79  5:44  Terran Infantry Armor Level 1  
  80  5:53  SCV x2  
  80  5:55  Barracks, Marine  
  80  5:56  Marauder  
  81  5:58  Barracks  
  81  6:00  Marine  
  81  6:02  Factory Reactor  
  81  6:03  Medivac  
  81  6:04  Medivac  
  86  6:08  SCV x3  
  86  6:10  Supply Depot  
  89  6:18  Marauder x2, Concussive Shells  
  89  6:19  Marine x2  
  89  6:20  SCV x3  
  93  6:32  SCV x2  
  92  6:33  SCV  
  92  6:35  Medivac x2  
  92  6:37  Marine x2  
  92  6:39  Marauder  
  103  6:40  Marauder  
  103  6:44  SCV  
  102  6:50  Barracks Tech Lab  
  102  6:52  Armory  
  102  6:53  SCV x2  
  104  6:54  Engineering Bay  
  104  6:56  SCV, Refinery x2  
  104  7:01  Marauder x2  
  108  7:05  SCV x2  
  108  7:07  Marine  
  108  7:08  SCV, Supply Depot x2, Marine  
  112  7:12  Widow Mine  
  112  7:13  Widow Mine, Marine  
  112  7:15  Supply Depot  
  117  7:24  SCV x3, Marauder x2  
  120  7:33  Marauder, Marine x3  
  120  7:36  SCV x3  
  128  7:38  Supply Depot, Missile Turret  
  128  7:40  Medivac x2, Supply Depot  
  132  7:46  Marauder x2, Terran Infantry Armor Level 2  
  132  7:50  Widow Mine x2  
  132  7:51  Marine  
  140  7:52  Terran Infantry Weapons Level 2  
  140  7:57  Ghost Academy  
  141  7:59  Supply Depot  
  141  8:00  Marine  
  141  8:01  Marine, Missile Turret  
  141  8:03  Barracks Reactor  
  143  8:10  Marauder  
  143  8:11  Widow Mine x2, Marauder  
  150  8:20  Marauder  
  150  8:21  Marine x2  
  149  8:32  Marauder, Marine  
  149  8:33  Widow Mine x2  
  148  8:38  Marine x2  
  149  8:41  Marauder  
  149  8:44  Marine x2  
  138  8:49  SCV x2  
  138  8:50  Marauder  
  138  8:51  SCV  
  138  8:53  Medivac x2, Marauder  
  138  8:54  Widow Mine x2  
  146  8:56  Marine x2  
  146  9:01  SCV  
  146  9:02  Marine  
  142  9:12  Marauder  
  142  9:14  Marine x3  
  142  9:15  Marauder  
  147  9:20  Marauder  
  147  9:21  Widow Mine x2  
  153  9:28  Supply Depot x2  
  153  9:29  Terran Ship Weapons Level 1  
  153  9:30  Enhanced Shockwaves  
  153  9:33  Marauder  
  153  9:36  Marauder  
  157  9:39  Marine x4  
  157  9:41  Command Center  
  157  9:42  Marauder  
  157  9:55  Marauder  
  157  9:56  Marine x2  
  157  9:57  Marauder, Command Center  
  157  9:58  Widow Mine x2  
  164  10:01  Medivac x2  
  164  10:03  Marauder  
  159  10:09  Marine  
  159  10:10  Marine  
  145  10:14  Marine  
  145  10:15  Ghost  
  145  10:19  SCV x3  
  145  10:20  Supply Depot  
  147  10:21  Barracks  
  147  10:23  Barracks x2  
  151  10:28  Widow Mine x2, Marine x2  
  151  10:30  Medivac, Marauder x2  
  151  10:31  Medivac  
  161  10:39  Terran Infantry Weapons Level 3  
  161  10:44  Marauder  
  161  10:47  Marine x4  
  165  10:51  Marauder x2  
  161  10:58  SCV x2  
  161  11:00  Medivac  
  136  11:05  SCV  
  136  11:06  Marauder  
  136  11:10  SCV x2  
  136  11:11  Marine x2  
  125  11:13  Marauder x2, Marine  
  132  11:23  Barracks Reactor, Barracks Tech Lab x2  
  132  11:26  SCV x3  
  132  11:27  Marauder  
  132  11:28  Marine  
  132  11:29  Marine  
  132  11:32  Widow Mine  
  141  11:33  Widow Mine  
  141  11:34  Marauder x2  
  147  11:42  Ghost  
  149  11:48  Ghost  
  149  11:52  Ghost  
  153  11:55  Ghost  
  153  11:56  Marauder  
  153  11:58  Marine x2  
  153  12:06  Marine x2  
  142  12:08  SCV  
  142  12:11  Marauder  
  142  12:14  Medivac  
  132  12:17  SCV  
  132  12:21  SCV  
  134  12:27  SCV  
  134  12:29  SCV  
  136  12:34  Marauder  
  136  12:35  Marauder  
  136  12:36  Marine x4  
  142  12:41  Marine x4  
  146  12:46  Medivac  
  148  12:56  Marauder x2  
  152  13:00  Marine  
  142  13:12  Marauder x2  
  125  13:13  Marauder  
  125  13:14  Marine x2  
  125  13:17  Marauder  
  125  13:18  Marauder  
  123  13:23  SCV, Marine x2  
  123  13:24  SCV x2, Orbital Command  
  124  13:31  Medivac  
  124  13:32  Medivac  
  124  13:33  Marauder x2  
  132  13:35  Marauder  
  132  13:39  Marauder x2  
  132  13:41  Marine  
  139  13:44  SCV x3  
  142  13:55  Marauder x2  
  142  13:56  Marauder  
  142  14:00  Marauder x2  
  147  14:06  Marine x3  
  148  14:12  SCV x2  
  148  14:16  Marauder x2  
  149  14:17  Widow Mine x2  
  149  14:18  Marauder  
  149  14:22  Marauder x2  
  157  14:27  Marine x2  
  157  14:28  Marine x2  
  157  14:29  Marine x2  
  163  14:37  Marauder  
  163  14:38  Marauder  
  167  14:39  Marauder  
  167  14:43  Marauder x2  
  168  14:59  Marauder x2  
  156  15:00  Marauder  
  156  15:04  Marauder  
  156  15:05  Marauder  
  156  15:06  Marine  
  148  15:15  Marine x2  
  148  15:20  Marauder x2  
  143  15:22  Marauder  
  143  15:26  Marauder x2  
  135  15:42  Marauder  
  139  15:43  Marine x4  
Show
View Real Time Build Order
Export as new Build Order

Cyan Protoss 

Build Orders: 1 Gate Expand, Oracle Opening, Blink Stalkers 

Get SALT Encoding   

  12  0:00  Probe  
  13  0:12  Probe  
  14  0:18  Pylon  
  14  0:24  Probe (Chrono Boost)  
  15  0:36  Probe (Chrono Boost), Gateway  
  16  0:45  Probe (Chrono Boost)  
  16  0:47  Assimilator  
  17  0:50  Probe  
  18  1:03  Probe  
  19  1:15  Probe  
  20  1:22  Nexus  
  20  1:31  Cybernetics Core  
  20  1:34  Probe  
  20  1:39  Assimilator  
  21  1:46  Probe  
  22  1:50  Pylon  
  22  1:58  Probe  
  23  2:05  Stalker (Chrono Boost)  
  25  2:10  Probe  
  26  2:18  Stargate  
  26  2:23  Probe (Chrono Boost)  
  26  2:28  Warp Gate  
  27  2:34  Probe (Chrono Boost)  
  29  2:41  Probe (Chrono Boost)  
  29  2:43  Probe (Chrono Boost)  
  30  2:48  Stalker, Probe x2 (Chrono Boost)  
  34  2:59  Probe  
  34  3:01  Probe  
  34  3:02  Oracle (Chrono Boost)  
  39  3:11  Pylon, Probe  
  40  3:13  Probe  
  41  3:23  Probe  
  42  3:27  Twilight Council  
  42  3:28  Probe  
  42  3:31  Gateway  
  42  3:33  Gateway  
  43  3:35  Probe  
  43  3:40  Probe  
  45  3:47  Probe  
  46  3:52  Probe  
  46  3:54  Assimilator  
  44  3:55  Blink (Chrono Boost)  
  44  3:59  Probe  
  45  4:04  Probe  
  45  4:06  Nexus  
  46  4:11  Probe  
  47  4:19  Probe  
  47  4:22  Stalker  
  47  4:23  Probe  
  51  4:25  Pylon  
  51  4:30  Stalker, Forge  
  51  4:31  Probe  
  54  4:40  Gateway  
  54  4:44  Probe  
  54  4:45  Probe  
  56  4:46  Stalker x2  
  60  4:54  Shield Battery  
  60  4:56  Protoss Ground Weapons Level 1 (Chrono Boost), Probe  
  60  4:57  Probe  
  62  5:04  Pylon  
  62  5:18  Pylon, Probe x2, Stalker x3  
  62  5:20  Probe  
  71  5:27  Charge (Chrono Boost)  
  71  5:30  Probe x2  
  71  5:32  Probe  
  74  5:41  Sentry  
  74  5:42  Probe x2  
  78  5:43  Sentry  
  78  5:44  Probe  
  78  5:45  Nexus  
  81  5:54  Probe x2  
  81  5:56  Pylon, Probe  
  84  6:03  Gateway  
  84  6:05  Gateway  
  84  6:06  Gateway x2, Probe  
  84  6:08  Probe  
  84  6:09  Probe  
  87  6:14  Stalker x2  
  89  6:20  Stalker x2  
  89  6:22  Probe  
  92  6:33  Probe  
  92  6:36  Forge, Probe  
  92  6:37  Protoss Ground Armor Level 1 (Chrono Boost)  
  92  6:38  Gateway  
  94  6:41  Gateway  
  94  6:44  Zealot x4  
  96  6:47  Pylon  
  94  6:54  Shield Battery  
  94  6:56  Pylon  
  94  7:03  Protoss Ground Weapons Level 2 (Chrono Boost)  
  94  7:04  Pylon  
  94  7:05  Probe x3  
  94  7:07  Shield Battery  
  95  7:12  Stalker x3, Zealot x2  
  105  7:18  Stalker, Robotics Facility  
  105  7:21  Zealot  
  105  7:30  Pylon  
  105  7:34  Stalker x3  
  105  7:35  Zealot x2  
  105  7:36  Zealot  
  115  7:41  Zealot  
  116  7:45  Stalker  
  118  7:54  Zealot  
  118  7:56  Pylon  
  118  7:57  Pylon  
  120  8:00  Zealot x4, Pylon  
  120  8:03  Pylon  
  120  8:05  Pylon, Sentry  
  130  8:06  Observer (Chrono Boost)  
  130  8:09  Photon Cannon  
  130  8:11  Shield Battery  
  131  8:13  Pylon, Probe x4  
  131  8:17  Stalker x2  
  135  8:21  Stalker  
  135  8:23  Zealot  
  135  8:24  Zealot  
  132  8:31  Zealot x3  
  132  8:32  Zealot  
  133  8:39  Observer  
  133  8:40  Zealot x2  
  138  8:46  Protoss Ground Armor Level 2 (Chrono Boost)  
  134  8:51  Zealot x3  
  128  8:59  Stalker x2, Zealot x2  
  132  9:05  Stalker, Shield Battery  
  132  9:08  Pylon  
  132  9:13  Warp Prism (Chrono Boost)  
  134  9:18  Zealot x4, Gateway  
  142  9:27  Stalker x3  
  142  9:28  Zealot  
  142  9:30  Photon Cannon  
  150  9:33  Pylon  
  150  9:36  Photon Cannon  
  150  9:39  Immortal (Chrono Boost), Assimilator  
  152  9:47  Stalker x2  
  152  9:48  Zealot  
  152  9:49  Zealot x3  
  152  9:52  Zealot x2  
  150  10:03  Zealot  
  150  10:07  Protoss Ground Weapons Level 3 (Chrono Boost)  
  133  10:11  Observer (Chrono Boost)  
  128  10:14  Zealot x5  
  128  10:16  Zealot x4  
  146  10:22  Probe x3  
  146  10:25  Assimilator  
  147  10:28  Zealot  
  149  10:36  Probe x2  
  149  10:37  Zealot, Probe x2  
  149  10:41  Photon Cannon  
  149  10:42  Pylon  
  155  10:46  Zealot  
  155  10:47  Zealot x2  
  155  10:48  Zealot x2, Probe  
  164  10:52  Zealot x2  
  164  10:56  Zealot x2  
  164  11:03  Zealot  
  138  11:11  Zealot x5  
  128  11:17  Robotics Bay, Protoss Ground Armor Level 3 (Chrono Boost)  
  132  11:19  Sentry  
  132  11:20  Robotics Facility, Sentry  
  136  11:28  Nexus  
  136  11:31  Pylon  
  136  11:35  Zealot x3  
  142  11:40  Zealot x3  
  142  11:43  Zealot  
  150  11:49  Zealot x2  
  148  12:01  Zealot  
  148  12:02  Zealot x6  
  148  12:06  Zealot  
  146  12:09  Extended Thermal Lance  
  146  12:10  Observer  
  146  12:14  Colossus x2 (Chrono Boost)  
  142  12:26  Zealot x4, Sentry  
  142  12:28  Zealot  
  150  12:38  Pylon, Shield Battery  
  150  12:41  Zealot x4  
  156  12:56  Zealot  
  156  12:58  Zealot x5  
  155  13:03  Zealot x2  
  155  13:04  Colossus (Chrono Boost), Zealot x2, Observer  
  155  13:05  Colossus (Chrono Boost)  
  123  13:17  Zealot  
  105  13:24  Zealot x6  
  115  13:28  Zealot  
  115  13:29  Zealot  
  103  13:38  Zealot  
  103  13:39  Zealot  
  93  13:47  Sentry x3  
  93  13:48  Stalker x3  
  102  13:52  Stalker x2  
  108  13:59  Zealot  
  91  14:15  Nexus  
  91  14:19  Stalker x3, Sentry  
  97  14:28  Colossus (Chrono Boost)  
  103  14:33  Pylon  
  102  14:41  Zealot x2  
  102  14:43  Zealot  
  102  14:44  Zealot  
  102  14:57  Zealot x3  
  104  15:05  Zealot, Sentry  
  98  15:19  Zealot x3  
  80  15:34  Zealot x2  
  80  15:35  Zealot x2  
  88  15:39  Sentry  
  88  15:40  Sentry  
  92  15:42  Sentry  

Tags
 
Add a new tag
Caveats
  • Supply blocks, unpowered buildings, or Contaminate may cause inaccurate times.
  • Supply counts are checked every 10 seconds.